Map: Dusk Towers

Players

Abomination

  • Race: Terran Terran

blackxored - Winner!

  • Race: Zerg Zerg
  • League: Diamond

VOD

Have the link to the VOD?

Description

Time

  • Played on: June 30, 2016, 3:48 p.m.
  • Length: 15:29
Show
View Real Time Build Order
Export as new Build Order

Abomination Terran 

Build Orders: MMM Bio 

Get SALT Encoding   

  12  0:01  SCV  
  13  0:14  SCV  
  14  0:18  Supply Depot  
  14  0:26  SCV  
  15  0:39  SCV  
  15  0:42  Barracks  
  16  0:46  Refinery  
  16  0:53  SCV  
  17  1:07  SCV  
  18  1:28  Orbital Command  
  18  1:32  Marine  
  19  1:39  Command Center  
  19  1:50  Marine  
  20  1:58  SCV  
  20  2:00  Factory  
  21  2:05  Supply Depot  
  21  2:10  SCV  
  22  2:22  SCV  
  23  2:29  Refinery  
  23  2:34  SCV  
  24  2:40  Barracks Reactor  
  24  2:48  SCV  
  25  2:54  Orbital Command  
  25  3:07  SCV  
  25  3:08  Command Center  
  26  3:23  Hellion  
  26  3:24  Hellion  
  26  3:26  SCV x2  
  32  3:32  Barracks Tech Lab  
  32  3:38  SCV x2  
  32  3:39  Engineering Bay  
  32  3:40  Engineering Bay  
  34  3:45  Hellion x2  
  38  3:53  Stimpack  
  38  4:13  Marine, Hellion x2  
  43  4:30  Barracks  
  43  4:31  Barracks  
  43  4:32  Orbital Command  
  43  4:33  Barracks x2  
  43  4:34  SCV x2  
  45  4:49  Starport  
  45  4:51  Marine  
  45  4:52  Factory Reactor  
  46  4:55  SCV x2  
  48  5:09  Marine  
  47  5:24  Barracks Reactor  
  47  5:25  Barracks Reactor x2  
  47  5:27  Marine  
  48  5:39  Factory Tech Lab  
  48  5:42  Missile Turret  
  48  5:45  SCV x2, Missile Turret  
  48  5:48  Orbital Command  
  50  5:54  Combat Shields  
  50  5:57  SCV  
  50  5:58  Supply Depot, SCV  
  50  5:59  Supply Depot, Marine x2  
  50  6:00  Medivac  
  50  6:01  Medivac  
  58  6:06  Marine x3  
  61  6:12  Supply Depot, Terran Infantry Weapons Level 1  
  61  6:19  Marine x6, SCV  
  61  6:24  Marine  
  67  6:27  Marine x2  
  67  6:29  Siege Tank  
  67  6:30  Medivac  
  67  6:31  Medivac, SCV  
  67  6:32  Refinery x2  
  77  6:33  SCV x2  
  77  6:37  Marine x2  
  77  6:38  Terran Infantry Armor Level 1  
  81  6:43  SCV  
  81  6:45  SCV x2  
  84  6:48  Marine  
  84  6:49  Marine x5  
  84  7:10  Marine x9  
  91  7:18  SCV x2  
  93  7:38  Supply Depot  
  93  7:40  Supply Depot  
  93  7:41  Marine x4, Siege Tank, SCV  
  93  7:42  Supply Depot x2  
  101  7:59  Supply Depot x2, Marine x3, Medivac, SCV x3  
  101  8:02  Medivac  
  101  8:03  Supply Depot  
  111  8:07  Supply Depot  
  111  8:12  SCV x2  
  85  8:34  Marine x9  
  85  8:35  Siege Tank  
  85  8:36  Medivac x2  
  99  8:52  Marine x5  
  99  8:53  Marauder  
  106  9:00  Armory  
  106  9:02  SCV x3  
  109  9:03  Command Center  
  109  9:06  Medivac x2  
  109  9:07  Refinery, Siege Tank  
  116  9:10  Refinery  
  116  9:14  Marauder, SCV x2  
  120  9:24  Marine x8  
  128  9:35  Marine  
  128  9:37  Medivac x2  
  133  9:40  Siege Tank  
  133  9:42  Marine x5  
  119  10:00  Marine x9  
  128  10:12  Siege Tank  
  135  10:18  Marine x6  
  135  10:20  Liberator x2  
  141  10:29  Marine x2  
  141  10:32  Marauder  
  145  10:35  Marine  
  145  10:36  Marine x4  
  152  10:53  Marauder  
  154  11:11  Marine x6  
  154  11:12  Marine  
  154  11:13  Marine  
  154  11:14  Marauder, Siege Tank  
  154  11:17  Planetary Fortress  
  167  11:29  Marine x4  
  171  11:36  Marauder, Terran Infantry Weapons Level 2  
  171  11:37  Terran Infantry Armor Level 2  
  171  11:39  Marine  
  173  11:40  Marine x3  
  173  11:46  Siege Tank  
  180  11:50  Barracks  
  180  11:51  Supply Depot, Barracks  
  180  11:56  Supply Depot x2  
  180  11:58  Supply Depot x3, Marine x6  
  180  11:59  Marauder  
  188  12:13  Liberator  
  188  12:14  Liberator  
  188  12:20  Marauder  
  183  12:24  Marine  
  183  12:25  Marine x7  
  183  12:27  Siege Tank  
  195  12:42  Marauder  
  195  12:44  Marine  
  195  12:45  Marine x4  
  195  12:47  Barracks Tech Lab x2  
  190  13:45  Liberator x2  
  96  13:49  Marine x8  
  96  13:51  Marauder x3  
  96  13:52  Siege Tank  
  113  14:07  Marine x3  
  119  14:11  Marine x5  
  119  14:12  Marauder  
  119  14:13  Marauder x2  
  130  14:21  Refinery  
  130  14:22  Refinery  
  130  14:25  Marine x3  
  133  14:34  Marine, Marauder x3  
  133  14:35  Marine x4  
  133  14:37  Siege Tank  
  147  14:42  Marine  
  147  14:43  Marine x2  
  147  14:45  Medivac x2  
  141  14:55  Marauder x3  
  147  15:05  Marine x5  
  147  15:06  Marine x3  
Show
View Real Time Build Order
Export as new Build Order

blackxored Zerg - Winner!

Build Orders: Hatch First 

Get SALT Encoding   

  12  0:01  Drone  
  13  0:09  Drone  
  14  0:17  Overlord  
  14  0:23  Extractor  
  14  0:24  Drone  
  15  0:39  Drone x2  
  17  0:53  Hatchery  
  17  0:56  Drone  
  17  0:59  Drone  
  18  1:10  Extractor  
  17  1:14  Spawning Pool  
  17  1:17  Drone  
  17  1:20  Drone  
  18  1:28  Drone  
  19  1:39  Overlord  
  19  1:50  Drone  
  20  2:01  Queen  
  20  2:03  Zergling x2  
  20  2:05  Queen  
  20  2:06  Zergling x2  
  26  2:11  Zergling x2  
  26  2:12  Metabolic Boost  
  27  2:19  Drone  
  28  2:42  Drone x3  
  28  2:43  Drone  
  32  2:48  Hatchery  
  31  2:57  Drone x3  
  31  2:58  Pneumatized Carapace  
  34  3:03  Overlord  
  34  3:10  Drone x2  
  36  3:22  Queen  
  38  3:32  Drone x4  
  42  3:37  Drone x2  
  42  3:40  Overlord  
  44  3:58  Queen  
  44  4:00  Drone  
  44  4:02  Baneling Nest, Queen  
  46  4:03  Queen  
  50  4:17  Drone x8  
  50  4:20  Overlord  
  58  4:25  Overlord x2  
  58  4:43  Queen  
  59  4:48  Zergling x14  
  66  4:53  Drone x2  
  66  4:54  Drone  
  69  5:05  Queen x2  
  73  5:21  Overlord x3  
  73  5:36  Drone  
  73  5:38  Overlord x4  
  73  5:39  Queen  
  73  5:42  Lair  
  76  5:57  Drone x8  
  76  6:02  Extractor x2  
  82  6:13  Extractor  
  82  6:15  Extractor  
  80  6:19  Extractor, Hatchery  
  78  6:26  Hatchery  
  78  6:31  Drone  
  78  6:32  Drone  
  79  6:34  Evolution Chamber  
  79  6:35  Evolution Chamber  
  79  6:38  Drone x2  
  79  6:40  Drone x3  
  79  6:41  Drone x2  
  79  6:42  Drone  
  79  6:45  Drone x2  
  79  6:46  Drone  
  88  6:48  Drone x3  
  88  6:49  Drone  
  88  6:53  Overseer  
  92  6:56  Zergling x6  
  95  7:03  Centrifical Hooks  
  95  7:07  Spire  
  91  7:14  Zergling x18  
  99  7:16  Baneling x9  
  99  7:30  Zerg Melee Weapons Level 1, Zerg Ground Armor Level 1  
  99  7:35  Drone x9  
  108  7:42  Zergling x12  
  114  7:44  Baneling x8  
  114  7:45  Baneling  
  114  7:47  Baneling  
  113  8:03  Zergling x24  
  113  8:04  Overseer  
  125  8:08  Zergling x8  
  125  8:09  Zergling x8  
  133  8:20  Baneling x2  
  125  8:29  Zergling x24  
  128  8:39  Zergling x10  
  132  8:54  Zergling x2  
  132  8:55  Zergling x16  
  141  8:56  Overlord x4  
  141  8:58  Baneling x3  
  141  8:59  Baneling x5  
  141  9:06  Extractor  
  141  9:07  Extractor, Drone x2  
  141  9:38  Zergling x34  
  148  9:39  Zergling x8  
  148  9:45  Hatchery  
  155  9:55  Zergling x2  
  155  9:56  Zergling x32  
  166  10:08  Zerg Flyer Weapons Level 1  
  166  10:13  Infestation Pit  
  165  10:43  Overseer  
  165  10:44  Overseer  
  165  10:45  Extractor  
  165  10:48  Extractor  
  165  10:49  Zerg Ground Armor Level 2, Zerg Melee Weapons Level 2  
  163  10:52  Drone x2  
  163  10:54  Overlord x5  
  163  10:55  Overlord x3  
  165  11:07  Overlord  
  165  11:12  Zergling x2  
  165  11:13  Zergling x50  
  165  11:16  Drone  
  192  11:31  Hive  
  192  11:41  Drone x3  
  192  11:42  Drone x5  
  200  12:03  Zerg Flyer Armor Level 1  
  193  12:31  Corruptor x3  
  193  12:35  Drone x3  
  193  12:54  Ultralisk Cavern  
  193  12:56  Hatchery  
  191  13:03  Hatchery  
  191  13:11  Adrenal Glands  
  190  13:15  Queen  
  190  13:16  Queen  
  190  13:17  Drone x2  
  190  13:18  Drone  
  190  13:19  Drone x2  
  177  13:45  Zergling x18  
  177  13:46  Zergling x54  
  178  13:58  Queen  
  180  14:14  Baneling x3  
  180  14:15  Baneling x7  
  180  14:16  Baneling, Ultralisk x3  
  198  14:27  Extractor  
  198  14:28  Spore Crawler  
  196  14:31  Drone x2  
  196  14:32  Drone  
  196  14:34  Extractor  
Tags
 
Composition
MMM Bio
League
Diamond
Matchup
TvZ
Add a new tag
Caveats
  • Supply blocks, unpowered buildings, or Contaminate may cause inaccurate times.
  • Supply counts are checked every 10 seconds.